 Dungeon Crawl Stone Soup version 0.23-a0-32-g1388f29 (webtiles) character file.

17560 Amnesiac the Fighter (level 12, 0/136 HPs)
             Began as an Ogre Gladiator on Aug 4, 2018.
             Was a High Priest of Okawaru.
             Slain by an orc
             ... wielding a +0 dagger
              (4 damage)
             ... on level 1 of the Orcish Mines.
             The game lasted 00:22:49 (13949 turns).

Amnesiac the Fighter (Ogre Gladiator)              Turns: 13949, Time: 00:22:50

Health: 0/136      AC: 10    Str: 25    XL:     12   Next: 49%
Magic:  17/17      EV: 10    Int:  9    God:    Okawaru [*****.]
Gold:   721        SH:  0    Dex: 13    Spells: 11/11 levels left

rFire    . . .     SeeInvis .   a - +3 giant club
rCold    . . .     Gourm    .   (shield currently unavailable)
rNeg     . . .     Faith    .   M - +0 troll leather armour
rPois    .         Spirit   .   c - +2 hat
rElec    .         Reflect  .   J - +2 cloak
rCorr    .         Harm     .   (gloves unavailable)
MR       +....                  (boots unavailable)
Stlth    ..........             L - amulet of regeneration
HPRegen  1.12/turn              I - +3 ring of dexterity
MPRegen  0.15/turn              (no ring)

@: silence
A: large, unfitting armour, tough skin 1
a: Renounce Religion


You were on level 1 of the Orcish Mines.
You worshipped Okawaru.
Okawaru was extremely pleased with you.
You were not hungry.

You visited 3 branches of the dungeon, and saw 13 of its levels.

You collected 721 gold pieces.

Inventory:

Hand Weapons
 a - a +3 giant club (weapon)
 b - a +0 whip of venom
 o - a +0 blowgun
 s - a +0 falchion of flaming
 y - a +0 giant spiked club
Missiles
 d - a throwing net
 e - 366 stones
 D - 18 poisoned needles
 F - 12 curare-tipped needles
 R - 6 large rocks (quivered)
Armour
 c - a +2 hat (worn)
 J - a +2 cloak (worn)
 M - a +0 troll leather armour (worn)
 Q - a +2 robe of cold resistance
 U - a +2 robe of magic resistance
Jewellery
 I - a +3 ring of dexterity (left hand)
 L - an amulet of regeneration (around neck)
 P - an uncursed ring of ice
Wands
 r - a wand of iceblast (2)
 w - a wand of flame (18)
 B - a wand of digging (9)
 K - a wand of paralysis (24)
Scrolls
 l - a scroll of vulnerability {!r}
 m - 10 scrolls of remove curse {!r}
 q - a scroll of identify {!r}
 u - a scroll of magic mapping {!r}
 v - 2 scrolls of amnesia {!r}
 C - 2 scrolls of fog {!r}
 G - 2 scrolls of teleportation {!r}
 N - 3 scrolls of enchant armour {!r}
 S - a scroll of blinking {!r}
Potions
 g - 2 potions of heal wounds {!q}
 h - 2 potions of agility {!q}
 i - a potion of ambrosia {!q}
 j - 5 potions of magic {!q}
 k - 2 potions of brilliance {!q}
 n - 2 potions of might {!q}
 p - 3 potions of lignification {!q}
 t - 2 potions of flight {!q}
 x - a potion of mutation {!q}
 z - 2 potions of curing {!q}
 A - 2 potions of haste {!q}
 E - a potion of invisibility {!q}
Comestibles
 f - 24 rations
 H - 9 chunks of flesh


   Skills:
 + Level 13.1 Fighting
 * Level 13.0 Maces & Flails
 - Level 8.3 Throwing
 - Level 2.6 Dodging
 + Level 6.6 Invocations


You had 11 spell levels left.
You didn't know any spells.
Your spell library contained the following spells:

 Spells                   Type           Power        Failure   Level  Hunger
 Cause Fear               Hex            #.........   99%         4    #####..
 Lightning Bolt           Conj/Air       #.........   100%        5    ######.
 Animate Dead             Necr           N/A          99%         4    #####..
 Pain                     Necr           #...         43%         1    ##.....
 Animate Skeleton         Necr           N/A          43%         1    ##.....
 Vampiric Draining        Necr           #.........   80%         3    ####...
 Regeneration             Chrm/Necr      #.........   80%         3    ####...
 Shock                    Conj/Air       #...         43%         1    ##.....
 Swiftness                Chrm/Air       #.......     56%         2    ###....
 Deflect Missiles         Chrm/Air       #.........   100%        6    #######
 Airstrike                Air            #.........   99%         4    #####..
 Silence                  Hex/Air        #.........   100%        5    ######.
 Static Discharge         Conj/Air       #.......     80%         3    ####...
 Discord                  Hex            #.........   100%        8    #######
 Yara's Violent Unravell  Hex/Tmut       #.........   100%        5    ######.


Dungeon Overview and Level Annotations

Branches:
Dungeon (11/15)            Temple (1/1) D:7            Lair (0/6) D:10
    Orc (1/2) D:10

Altars:
Ashenzari
Cheibriados
Dithmenos
Elyvilon
Fedhas
Gozag
Hepliaklqana
Kikubaaqudgha
Makhleb
Nemelex Xobeh
Okawaru
Qazlal
Ru
Sif Muna
Trog
Uskayaw
Vehumet
Wu Jian
Xom
Yredelemnul
Zin
The Shining One

Shops:
D:9 }

Annotations:
Orc:1 Erolcha


Innate Abilities, Weirdness & Mutations

You are too large for most types of armour.
You have tough skin. (AC +1)


Message History

You kill the orc!
Okawaru accepts your kill. The orc hits you but does no damage.
Something hits you but does no damage. The orc hits you.
* * * LOW HITPOINT WARNING * * *
The orc closely misses you.
Items here: )) [[ † a dagger; a robe; a dagger; a robe; an orc corpse You hammer the troll like a gong!!!
You kill the troll!
Okawaru accepts your kill.
The troll leather armour is intact enough to wear.
You bludgeon the ogre!!
The ogre is severely wounded.
Something completely misses you. The orc misses you.
You barely miss the ogre.
The ogre is severely wounded.
The orc hits you with a hand axe.
* * * LOW HITPOINT WARNING * * *
The orc hits you but does no damage. Something hits you but does no damage.
The ogre barely misses you.
You bludgeon the ogre!!
You kill the ogre!
Okawaru accepts your kill. The orc hits you with a hand axe.
* * * LOW HITPOINT WARNING * * *
The orc closely misses you. Something hits you but does no damage.
The orc hits you.
* * * LOW HITPOINT WARNING * * *
The orc misses you.
Okay, then.
You miss something.
An orc wizard appears from thin air!
Reactivating autopickup.
The orc hits you but does no damage. The orc wizard hits you with a dagger.
* * * LOW HITPOINT WARNING * * *
The orc hits you but does no damage.
You bludgeon Erolcha!!
Erolcha is heavily wounded.
An orc comes into view. It is wielding a club.
The orc hits you.
* * * LOW HITPOINT WARNING * * *
The orc wizard hits you with a dagger.
* * * LOW HITPOINT WARNING * * *
Erolcha closely misses you.
You sock Erolcha!
Erolcha is severely wounded.
The orc closely misses you. The orc barely misses you.
An orc knight comes into view. It is wielding a long sword.
Erolcha hits you with a giant club!
* * * LOW HITPOINT WARNING * * *
You sock Erolcha!
Erolcha is severely wounded.
The orc hits you but does no damage. The orc barely misses you.
The orc knight roars a battlecry!
The orcs go into a battle-frenzy!
The orc hits you but does no damage.
You hit Erolcha.
Erolcha is almost dead.
Erolcha barely misses you. The orc hits you.
* * * LOW HITPOINT WARNING * * *
The orc closely misses you. The orc wizard hits you with a dagger!
* * * LOW HITPOINT WARNING * * *
The orc hits you with a dagger.
You die...

.$.... ............##
.....##.............##
..o..........##......#
#....$......##.....###
##..o.....#.# #.......#
..#...........###.)).##
......................#
.......)[ooO......).###
o.....##oo@o.......#<#
..... ####........###
.... #.........# ...
#........## ..
#.........# .
#..........#
#......##....#
.....#.##...>.#
.......## .....


You could see an orc knight, Erolcha, an orc wizard and 5 orcs.

Vanquished Creatures
  Fannar (D:10)
  A hydra (D:10)
  A two-headed ogre (D:11)
  Sonja (D:10)
  An unseen horror (D:11)
  The ghost of torrenera the Grappler, a novice TrWr of Okawaru (D:6)
  A cyclops (D:11)
  A manticore (D:11)
  A gargoyle (D:10)
  Psyche (D:11)
  The ghost of galech the Covered, an amateur MiFi (D:4)
  4 trolls
  A hornet (D:9)
  2 dream sheep (D:10)
  Grinder (D:6)
  2 slime creatures (D:6)
  2 hippogriffs
  20 yaks
  Grum (D:11)
  2 vampire mosquitoes (D:11)
  2 wargs (Orc:1)
  A phantom (D:11)
  2 ice beasts
  4 orc warriors
  A sky beast (D:3)
  A black bear (D:11)
  An eye of draining (D:9)
  3 centaurs
  8 ogres
  2 wolves (D:11)
  A necrophage (D:6)
  8 big kobolds
  4 bullfrogs
  5 scorpions
  A wyvern skeleton (D:7)
  11 killer bees (D:7)
  12 wights
  3 howler monkeys
  8 jellies
  4 crimson imps
  A centaur zombie (D:8)
  A quasit (D:11)
  3 bullfrog skeletons
  6 hounds
  A centaur skeleton (D:8)
  9 orc priests
  17 orc wizards
  A gnoll shaman (D:4)
  6 iguanas
  10 worker ants
  3 hound skeletons
  11 gnolls
  A howler monkey skeleton (D:4)
  10 adders
  2 shadow imps
  6 oozes
  An adder skeleton (D:6)
  3 worms
  A dart slug (D:1)
  3 leopard geckos
  57 orcs
  A ball python (D:4)
  5 bats
  9 giant cockroaches
  10 goblins
  3 hobgoblins (D:1)
  7 jackals
  9 quokkas
  6 frilled lizards
  A jackal skeleton (D:5)
  17 kobolds
  3 rats
  A spectral orc (D:7)
353 creatures vanquished.

Vanquished Creatures (others)
  An orc (D:10)
  8 fungi (D:6)
  8 toadstools (D:6)
17 creatures vanquished.

Grand Total: 370 creatures vanquished

Notes
Turn   | Place    | Note
-------+----------+-------------------------------------------
     0 | D:1      | Amnesiac the Ogre Gladiator began the quest for the Orb.
     0 | D:1      | Reached XP level 1. HP: 22/22 MP: 1/1
    50 | D:1      | Reached XP level 2. HP: 15/31 MP: 2/2
   362 | D:1      | Reached XP level 3. HP: 18/37 MP: 3/3
   733 | D:2      | Found a white marble altar of Elyvilon.
  1391 | D:2      | Reached XP level 4. HP: 41/48 MP: 4/4
  1501 | D:2      | Found a bloodstained altar of Trog.
  2574 | D:4      | Reached XP level 5. HP: 27/54 MP: 5/5
  2606 | D:4      | Noticed an ogre
  2703 | D:4      | Killed an ogre
  2703 | D:4      | Reached XP level 6. HP: 56/63 MP: 6/6
  2747 | D:4      | Found a runed gate.
  2749 | D:4      | Found a runed gate.
  2749 | D:4      | Found a runed gate.
  2762 | D:4      | Noticed a sky beast
  2762 | D:4      | Noticed galech's ghost (amateur MiFi)
  3746 | D:4      | Reached skill level 5 in Fighting
  3781 | D:3      | Killed a sky beast
  3781 | D:3      | Reached skill level 5 in Maces & Flails
  4038 | D:5      | Entered Level 5 of the Dungeon
  4042 | D:5      | Reached XP level 7. HP: 72/72 MP: 7/7
  4539 | D:4      | Killed galech's ghost
  4870 | D:5      | Reached XP level 8. HP: 44/84 MP: 8/8
  5173 | D:5      | Found a sparkling altar of Nemelex Xobeh.
  5201 | D:5      | Reached skill level 5 in Throwing
  6024 | D:5      | Found a burning altar of Makhleb.
  6274 | D:6      | Reached XP level 9. HP: 58/96 MP: 9/9
  6537 | D:6      | Noticed Grinder
  6553 | D:6      | Killed Grinder
  7812 | D:7      | Reached XP level 10. HP: 103/107 MP: 10/10
  8252 | D:7      | Found a basalt altar of Yredelemnul.
  8395 | D:7      | HP: 5/109 [poisoned by a killer bee]
  8718 | D:7      | Found a runed door.
  8718 | D:7      | Noticed torrenera's ghost (novice TrWr)
  8815 | D:7      | Found a shimmering altar of Xom.
  9068 | D:7      | Found a staircase to the Ecumenical Temple.
  9507 | D:8      | Reached skill level 10 in Fighting
  9510 | D:8      | Reached skill level 10 in Maces & Flails
  9694 | D:6      | Killed torrenera's ghost
  9775 | Temple   | Entered the Ecumenical Temple
  9839 | Temple   | Became a worshipper of Warmaster Okawaru
 10706 | D:9      | Found Xamiagh's Gadget Shop.
 10781 | D:9      | Found a stormy altar of Qazlal.
 10812 | D:9      | Found a hide-covered altar of Uskayaw.
 10818 | D:9      | Reached * piety under Okawaru
 11838 | D:9      | Reached skill level 1 in Invocations
 11906 | D:9      | Paralysed by a hornet for 3 turns
 11910 | D:9      | Reached XP level 11. HP: 58/119 MP: 10/12
 11950 | D:10     | Entered Level 10 of the Dungeon
 12044 | D:10     | Found a staircase to the Lair.
 12082 | D:10     | Found a staircase to the Orcish Mines.
 12154 | D:10     | Noticed Fannar
 12210 | D:10     | Killed Fannar
 12210 | D:10     | Reached ** piety under Okawaru
 12265 | D:10     | Noticed Sonja
 12269 | D:10     | Killed Sonja
 12499 | D:10     | Reached *** piety under Okawaru
 12636 | D:10     | Noticed a three-headed hydra
 12643 | D:10     | Killed a one-headed hydra
 12926 | D:11     | Reached **** piety under Okawaru
 12977 | D:11     | Noticed Psyche
 12983 | D:11     | Killed Psyche
 12994 | D:11     | Reached skill level 5 in Invocations
 13065 | D:11     | Noticed a cyclops
 13076 | D:11     | Killed a cyclops
 13137 | D:11     | Reached XP level 12. HP: 133/133 MP: 15/15
 13144 | D:11     | Received a gift from Okawaru
 13213 | D:11     | Noticed a two-headed ogre
 13218 | D:11     | Killed a two-headed ogre
 13266 | D:11     | Noticed Grum
 13281 | D:11     | Killed Grum
 13486 | D:11     | Reached ***** piety under Okawaru
 13869 | Orc:1    | Entered Level 1 of the Orcish Mines
 13932 | Orc:1    | Noticed Erolcha
 13934 | Orc:1    | HP: 6/136 [orc[an orc knight] (4)]
 13934 | Orc:1    | HP: 1/136 [something (5)]
 13949 | Orc:1    | HP: 4/136 [orc wizard/dagger[an orc knight] (9)]
 13949 | Orc:1    | Slain by an orc

Vault maps used:
D:1:      evilmike_arrival_run_for_it
D:2:      elyvilon_altar_5, bloody_trog, first_ration
D:3:      kennysheep_generic_room_16
D:4:      gammafunk_ghost_split, kennysheep_generic_room_5
D:5:      nemelex_xobeh_ov_fountains_minmay, makhleb_grotto_becter,
          nrook_loot_triangle
D:6:      cheibrodos_fertilizer, uniq_grinder
D:7:      nicolae_overflow_crystal_walls, yredelemnul_forgotten_temple_becter,
          minmay_temple_entry_fiery, gammafunk_ghost_grave,
          grunt_decor_one_mirror, grunt_ministairs_9, eino_jars
D:9:      grunt_qazlal_sundering, kennysheep_mini, serial_shops,
          nicolae_shop_stone
D:10:     lair_entry_dummy, orc_0_dummy, hangedman_ranch, uniq_fannar,
          uniq_sonja
D:11:     uniq_grum, uniq_psyche
Temple:   eino_temple_water
Orc:1:    mines2_david, uniq_erolcha

Skill      XL: |  1  2  3  4  5  6  7  8  9 10 11 12 |
---------------+-------------------------------------+-----
Fighting       | 3 4 5 6 7 9 10 12 13 | 13.1
Maces & Flails | 3 4 5 6 7 9 10 12 13 | 13.0
Throwing       | 3 4 5 7 8 |  8.3
Invocations    | 1 5 6 |  6.6
Dodging        | |  2.6

Action                   |  1- 3 |  4- 6 |  7- 9 | 10-12 || total
-------------------------+-------+-------+-------+-------++-------
Melee: Flail             |    90 |   105 |       |       ||   195
       Giant club        |       |    70 |   275 |   558 ||   903
       Falchion          |       |       |       |     6 ||     6
Throw: Stone             |    36 |    12 |       |    38 ||    86
       Throwing net      |       |     1 |       |     3 ||     4
       Large rock        |       |       |       |    31 ||    31
Invok: Heroism           |       |       |       |     3 ||     3
Evoke: Wand              |       |     3 |    12 |     1 ||    16
  Use: Scroll            |     3 |     5 |     3 |    13 ||    24
       Potion            |       |       |       |     8 ||     8
 Stab: Sleeping          |       |       |     1 |       ||     1
       Invisible         |       |       |       |     2 ||     2
       Held in net/web   |       |       |       |     3 ||     3
       Paralysed         |       |       |       |     1 ||     1
  Eat: Chunk             |     2 |     7 |    11 |    16 ||    36
       Ration            |       |       |     1 |     1 ||     2
Armor: Robe              |    37 |    73 |    79 |    77 ||   266
       Skin              |       |       |       |    36 ||    36
       Troll leather arm |       |       |       |   123 ||   123
Dodge: Dodged            |    63 |    90 |   144 |   288 ||   585
       Rpst.: Falchion   |       |       |       |     1 ||     1

Table legend:
 A = Spawn XP
 B = Non-spawn XP
 C = Spawn XP percentage of total XP
 D = Spawn monster count
 E = Non-spawn monster count
 F = Spawn count percentage of total count
 G = Total turns spent on level
                    A         B        C        D         E        F      G
               +---------+---------+-------+---------+---------+-------+---------
         Total |       0 |   25087 |   0.0 |       0 |     353 |   0.0 | 13949
               +---------+---------+-------+---------+---------+-------+---------
           D:1 |       0 |      42 |   0.0 |       0 |      17 |   0.0 |   726
           D:2 |       0 |      93 |   0.0 |       0 |      21 |   0.0 |  1160
           D:3 |       0 |     147 |   0.0 |       0 |      11 |   0.0 |   895
           D:4 |       0 |     720 |   0.0 |       0 |      21 |   0.0 |  1899
           D:5 |       0 |    1136 |   0.0 |       0 |      49 |   0.0 |  1562
           D:6 |       0 |    3118 |   0.0 |       0 |      44 |   0.0 |  1540
           D:7 |       0 |    1431 |   0.0 |       0 |      42 |   0.0 |  1898
           D:8 |       0 |    1079 |   0.0 |       0 |      24 |   0.0 |   942
           D:9 |       0 |    1950 |   0.0 |       0 |      24 |   0.0 |  1244
          D:10 |       0 |    6608 |   0.0 |       0 |      43 |   0.0 |   979
          D:11 |       0 |    7438 |   0.0 |       0 |      40 |   0.0 |   940
         Orc:1 |       0 |    1325 |   0.0 |       0 |      17 |   0.0 |    80
               +---------+---------+-------+---------+---------+-------+---------
